 Dungeon Crawl Stone Soup version 0.21.1-1-g345015f (webtiles) character file.

3413 sking99 the Grappler (level 9, 0/80 HPs)
             Began as a Troll Monk on June 28, 2018.
             Slain by an ogre
             ... wielding a +0 giant spiked club
              (27 damage)
             ... on level 7 of the Dungeon.
             The game lasted 00:12:04 (5855 turns).

sking99 the Grappler (Troll Monk)                   Turns: 5855, Time: 00:12:04

Health: 0/80       AC:  5    Str: 21    XL:     9   Next: 76%
Magic:  8/8        EV: 11    Int:  6    God:
Gold:   355        SH:  4    Dex: 15    Spells: 8/8 levels left

rFire    + . .     SeeInvis .     - Unarmed
rCold    . . .     Gourm    +   (no shield)
rNeg     . . .     Faith    .   a - +0 robe
rPois    .         Spirit   .   (helmet restricted)
rElec    .         Reflect  +   (no cloak)
rCorr    .         Harm     .   (gloves unavailable)
MR       .....                  (boots unavailable)
Stlth    ++........             n - +4 amulet of reflection
HPRegen  0.63/turn              A - ring of protection from fire
MPRegen  0.11/turn              (no ring)

@: slowed, very slow
A: large, unfitting armour, claws 3, fast metabolism 3, gourmand, regeneration
1, shaggy fur 1, tough skin 2
a: no special abilities


You were on level 7 of the Dungeon.
You were very hungry.

You visited 2 branches of the dungeon, and saw 8 of its levels.

You collected 355 gold pieces.

Inventory:

Armour
 a - a +0 robe (worn)
Jewellery
 n - a +4 amulet of reflection (around neck)
 z - an uncursed ring of fire
 A - a ring of protection from fire (left claw)
 B - an uncursed ring of loudness
Wands
 f - a wand of flame (35)
Scrolls
 j - a scroll of immolation
 l - 4 scrolls of remove curse
 p - a scroll of enchant weapon
 r - a scroll of teleportation
 s - a scroll of amnesia
 u - 2 scrolls of blinking {unknown}
 w - 2 scrolls of magic mapping {unknown}
 y - a scroll of enchant armour {unknown}
Potions
 c - a potion of lignification
 d - 4 potions of curing
 e - 2 potions of might
 g - 2 potions of flight
 h - a potion of mutation {unknown}
 i - 2 potions of haste
 k - a potion of magic {unknown}
 m - 2 potions of heal wounds
 o - 5 potions of ambrosia {unknown}
 q - 2 potions of resistance {unknown}
 t - a potion of berserk rage {unknown}
 x - 2 potions of brilliance {unknown}
Comestibles
 b - 11 rations


   Skills:
 - Level 2.4 Fighting
 - Level 2.4 Dodging
 - Level 1.0 Stealth
 + Level 13.7 Unarmed Combat


You had 8 spell levels left.
You didn't know any spells.

Dungeon Overview and Level Annotations

Branches:
Dungeon (7/15)             Temple (1/1) D:6

Altars:
Ashenzari
Cheibriados
Dithmenos
Elyvilon
Fedhas
Hepliaklqana
Kikubaaqudgha
Nemelex Xobeh
Okawaru
Sif Muna
Trog
Uskayaw
Vehumet
Wu Jian
Yredelemnul
Zin
The Shining One

Shops:
D:6 %*   D:7 :


Innate Abilities, Weirdness & Mutations

You are too large for most types of armour.
You have claws for hands.
Your metabolism is lightning-fast.
You like to eat raw meat.
Your natural rate of healing is unusually fast.
You are covered in fur. (AC +1)
You have very tough skin. (AC +2)


Message History

You destroy Ramesses's ghost!
Unknown command.
An ogre comes into view. It is wielding a giant spiked club.
An ogre is nearby!
An ogre is nearby!
The ogre misses you.
The ogre hits you with a giant spiked club!!
Found 11 gold pieces.
An iguana comes into view.
The ogre hits you with a giant spiked club!
Found 9 gold pieces.
The ogre hits you with a giant spiked club!!
* * * LOW HITPOINT WARNING * * *
The iguana hisses angrily.
The ogre closely misses you. The iguana closely misses you.
You block the ogre's attack. The iguana bites you.
The ogre hits you with a giant spiked club!!
You die...

...........##......###.##.#..##.#
...........######### #.##.#......
...........# #..#....##.#
...........# ##.#######..
...........############..## #..
...........##.............# #..
...........##.............# #..
...........##.............# #∩.
#############>..@.........# ##..
#..Ol.........# #..<
#.............# #.÷#
#.............# #...
#######.............# #..#
....................# #..#
......<.............## #(.#
........###.[.....#..###..#
........# #.......##......#


You could see an ogre and an iguana.

Vanquished Creatures
  The ghost of Ramesses the Vexing, a novice GnAM (D:7)
  Pikel (D:6)
  The ghost of eyesofgods1 the Cleaver, a novice DsFi (D:5)
  A hippogriff (D:6)
  Edmund (D:4)
  Menkaure (D:7)
  Duvessa (D:7)
  A slave (D:6)
  An ice beast (D:7)
  A hornet zombie (D:7)
  The ghost of Th3D0c the Cudgeler, an amateur MiBe of Trog (D:3)
  A sky beast (D:6)
  2 black bears
  2 bullfrogs
  Dowan (D:7)
  2 scorpions (D:6)
  4 crimson imps
  A centaur zombie (D:7)
  2 hounds
  2 bullfrog skeletons
  2 jellies
  A centaur skeleton (D:4)
  2 iguanas
  4 worker ants
  Robin (D:2)
  4 gnolls (D:4)
  9 adders
  An ooze (D:2)
  2 adder skeletons
  2 worms
  A dart slug (D:2)
  2 leopard geckos
  7 orcs
  4 bats
  3 giant cockroaches
  10 goblins
  6 hobgoblins
  8 jackals
  2 kobolds (D:1)
  5 quokkas
  4 frilled lizards
  A giant cockroach zombie (D:5)
  A leopard gecko skeleton (D:4)
  5 rats
115 creatures vanquished.

Vanquished Creatures (others)
  A slave (D:6)
  A sky beast (D:6)
  A howler monkey (D:6)
  A hound zombie (D:6)
  An adder zombie (D:6)
5 creatures vanquished.

Grand Total: 120 creatures vanquished

Notes
Turn   | Place    | Note
-------+----------+-------------------------------------------
     0 | D:1      | sking99 the Troll Monk began the quest for the Orb.
     0 | D:1      | Reached XP level 1. HP: 22/22 MP: 0/0
   208 | D:1      | Reached XP level 2. HP: 29/29 MP: 1/1
   467 | D:2      | Noticed Robin
   478 | D:1      | Reached skill level 4 in Unarmed Combat
   516 | D:2      | Killed Robin
   516 | D:2      | Reached XP level 3. HP: 36/36 MP: 2/2
   956 | D:2      | Reached skill level 5 in Unarmed Combat
   956 | D:2      | Reached XP level 4. HP: 41/44 MP: 3/3
  1209 | D:3      | Found a shattered altar of Ashenzari.
  1280 | D:3      | Noticed Th3D0c's ghost (amateur MiBe)
  1289 | D:3      | Killed Th3D0c's ghost
  1289 | D:3      | Reached skill level 6 in Unarmed Combat
  1289 | D:3      | Reached XP level 5. HP: 38/50 MP: 4/4
  2182 | D:4      | Reached XP level 6. HP: 59/59 MP: 5/5
  2195 | D:4      | Found a hide-covered altar of Uskayaw.
  2195 | D:4      | Noticed a hand axe
  2195 | D:4      | Noticed a dagger
  2201 | D:4      | Reached skill level 7 in Unarmed Combat
  2356 | D:4      | Noticed Edmund
  2368 | D:4      | Killed Edmund
  2445 | D:4      | Reached skill level 8 in Unarmed Combat
  2453 | D:4      | Reached XP level 7. HP: 45/66 MP: 6/6
  2712 | D:4      | Found a blossoming altar of Fedhas.
  2884 | D:5      | Entered Level 5 of the Dungeon
  2973 | D:5      | Noticed eyesofgods1's ghost (novice DsFi)
  3356 | D:5      | Killed eyesofgods1's ghost
  3356 | D:5      | Reached skill level 10 in Unarmed Combat
  3356 | D:5      | Reached XP level 8. HP: 44/74 MP: 7/7
  3911 | D:6      | Noticed Pikel
  3946 | D:6      | Killed Pikel
  3946 | D:6      | Reached skill level 11 in Unarmed Combat
  4002 | D:6      | Found a staircase to the Ecumenical Temple.
  4027 | D:6      | Noticed a hippogriff
  4042 | D:6      | Killed a hippogriff
  4058 | Temple   | Entered the Ecumenical Temple
  4182 | D:6      | Found a shattered altar of Ashenzari.
  4216 | D:6      | Found Olufesch's Food Shoppe.
  4331 | D:6      | Reached XP level 9. HP: 61/80 MP: 8/8
  4422 | D:6      | Reached skill level 12 in Unarmed Combat
  4504 | D:6      | Found Ndeumamed's Needful Niceties.
  4554 | D:7      | Found Wubribal's Book Boutique.
  4574 | D:7      | Noticed Menkaure
  4579 | D:7      | Killed Menkaure
  4581 | D:7      | Noticed Ramesses's ghost (novice GnAM)
  5049 | D:7      | Noticed Dowan
  5050 | D:7      | Noticed Duvessa
  5061 | D:7      | Killed Duvessa
  5063 | D:7      | Killed Dowan
  5133 | D:7      | Reached skill level 13 in Unarmed Combat
  5822 | D:7      | Killed Ramesses's ghost
  5855 | D:7      | Slain by an ogre

Skill      XL: |  1  2  3  4  5  6  7  8  9 |
---------------+----------------------------+-----
Unarmed Combat | 4 5 6 8 10 11 13 | 13.7
Fighting       | |  2.4
Dodging        | |  2.4
Stealth        | |  1.0

Action                   |  1- 3 |  4- 6 |  7- 9 || total
-------------------------+-------+-------+-------++-------
Melee: Unarmed           |    79 |   125 |   203 ||   407
       Punch             |     2 |     4 |     6 ||    12
  Use: Scroll            |       |     8 |     5 ||    13
       Potion            |       |       |     2 ||     2
 Stab: Sleeping          |     1 |     3 |     3 ||     7
  Eat: Chunk             |    14 |    14 |    22 ||    50
Armor: Robe              |    26 |    45 |    35 ||   106
Dodge: Dodged            |    49 |    63 |    86 ||   198
Block: Other             |       |       |    19 ||    19
